 Dungeon Crawl Stone Soup version 0.31-a0-188-g5e087ee2ca (webtiles) character file.

Game seed: 14397739137770125318

63 qw the Shooter (level 3, -4/20 HPs)
             Began as a Deep Elf Hunter on June 23, 2023.
             Slain by a gnoll
             ... wielding a +0 whip
              (7 damage)
             ... on level 2 of the Dungeon.
             The game lasted 00:00:20 (829 turns).

qw the Shooter (Deep Elf Hunter)                     Turns: 829, Time: 00:00:20

Health: -4/20      AC:  5    Str: 10    XL:     3   Next: 87%
Magic:  5/5        EV: 11    Int: 13    God:
Gold:   42         SH:  0    Dex: 18    Spells: 2/2 levels left

rFire   . . .        Y - +1 shortbow
rCold   . . .        (shield currently unavailable)
rNeg    . . .        d - +0 ring mail
rPois   .            (no helmet)
rElec   .            (no cloak)
rCorr   .            (no gloves)
SInv    .            (no boots)
Will    .....        (no amulet)
Stlth   +            (no ring)
HPRegen 0.23/turn    (no ring)
MPRegen 0.09/turn

%: no passive effects
@: no status effects
A: no striking features
a: no special abilities


You were on level 2 of the Dungeon.
You visited 1 branch of the dungeon, and saw 2 of its levels.

You collected 42 gold pieces.


   Skills:
 - Level 1.5 Fighting
 + Level 7.3 Ranged Weapons
 - Level 2.4 Dodging
 - Level 1.2 Stealth


You had 2 spell levels left.
You didn't know any spells.
Your spell library was empty.

Inventory:

Hand Weapons
 Y - a +1 shortbow (weapon)
Armour
 d - a +0 ring mail (worn)
Potions
 a - a potion of mutation {unknown}

Dungeon Overview and Level Annotations

Branches:
Dungeon (2/15)

Altars:


Message History

You hear a shout!
A gnoll comes into view. It is wielding a +0 whip.
The gnoll hits you with a +0 club.
You shoot an arrow. The arrow barely misses the gnoll.
A gnoll comes into view. It is wielding a +0 whip.
The gnoll barely misses you.
You shoot an arrow. The arrow hits the gnoll.
The gnoll is severely wounded.
The quokka bites you.
A gnoll comes into view. It is wielding a +0 spear.
The gnoll barely misses you.
The quokka bites you but does no damage.
You shoot an arrow. The gnoll shouts!
The arrow hits the gnoll!
You kill the gnoll!
The quokka misses you. The gnoll misses you.
Your Ranged Weapons skill increases to level 7!
You shoot an arrow. The arrow hits the gnoll!
The gnoll is severely wounded.
The quokka misses you. The gnoll barely misses you.
The gnoll closely misses you. The quokka closely misses you.
You shoot an arrow. The arrow hits the gnoll.
You kill the gnoll!
The gnoll hits you from afar with a +0 spear.
The quokka bites you.
You shoot an arrow. The arrow hits the gnoll.
The gnoll is lightly wounded.
The quokka barely misses you. The gnoll misses you.
The gnoll closely misses you.
The quokka bites you but does no damage.
You shoot an arrow. The arrow barely misses the gnoll.
The gnoll misses you. The gnoll closely misses you.
The quokka closely misses you. The gnoll barely misses you.
The gnoll hits you but does no damage.
You shoot an arrow. The arrow hits the gnoll.
The gnoll is moderately wounded.
The quokka bites you but does no damage.
The gnoll hits you with a +0 whip!
You die...

#..###.##...<####
#..# #.......#
#..# #.###.###
#..# #.# ### #..#
#.#########
#..###.........
#............
#..#######.## #
#....%...@r.##.##
#.#......g.......
#.#.#####.g......
#.#.# ###...##.##
#.#.# #..........
#.#.# #%##..##..#
#.#.##... ......#
#.###.#....#..#
#.# #.#....# .#


You could see 2 gnolls and a quokka.

Vanquished Creatures
  An adder (D:2)
  2 gnolls (D:2)
  A worm (D:2)
  A dart slug (D:1)
  4 ball pythons
  3 bats
  A giant cockroach (D:1)
  A goblin (D:1)
  2 hobgoblins
  6 jackals (D:1)
  2 quokkas
  2 frilled lizards
  3 rats (D:1)
29 creatures vanquished.

Notes
Turn   | Place    | Note
-------+----------+-------------------------------------------
     0 | D:1      | qw the Deep Elf Hunter began the quest for the Orb.
     0 | D:1      | Reached XP level 1. HP: 12/12 MP: 3/3
     0 | D:1      | 0 ||| qw: Version: 0.3-a-9-g12657ce
     0 | D:1      | 0 ||| qw: Game counter: 4209
     0 | D:1      | 0 ||| qw: Always use a shield: true
     0 | D:1      | 0 ||| qw: God list: Okawaru
     0 | D:1      | 0 ||| qw: Allow faded altars: false
     0 | D:1      | 0 ||| qw: Do Orc after D:15 true
     0 | D:1      | 0 ||| qw: Do second Lair branch before Depths: true
     0 | D:1      | 0 ||| qw: Lair rune preference: random
     0 | D:1      | 0 ||| qw: Plans: Normal
     0 | D:1      | 0 ||| PLANNING D:1-11
   236 | D:1      | Reached XP level 2. HP: 16/16 MP: 4/4
   238 | D:1      | Reached skill level 6 in Ranged Weapons
   247 | D:1      | HP: 4/16 [jackal (2)]
   621 | D:1      | 621 ||| UPGRADING to +0 ring mail.
   631 | D:1      | 631 ||| DROPPING +0 leather armour.
   632 | D:1      | 632 ||| READING scroll labelled HOIVVI KIAV.
   633 | D:1      | 633 ||| READING scroll labelled XETWAO YMAEPN.
   634 | D:1      | 634 ||| READING scroll labelled LOANEA FAMETO.
   635 | D:1      | 635 ||| DRINKING 2 glowing yellow potions.
   685 | D:1      | 685 ||| DROPPING scroll of butterflies.
   686 | D:1      | 686 ||| DROPPING potion of lignification.
   709 | D:2      | Reached XP level 3. HP: 20/20 MP: 5/5
   814 | D:2      | 814 ||| FLEEEEING.
   815 | D:2      | 815 ||| FLEEEEING.
   816 | D:2      | 816 ||| FLEEEEING.
   817 | D:2      | 817 ||| FLEEEEING.
   818 | D:2      | 818 ||| FLEEEEING.
   825 | D:2      | Reached skill level 7 in Ranged Weapons
   826 | D:2      | HP: 3/20 [gnoll/+0 spear (4)]
   829 | D:2      | Slain by a gnoll

Levels and vault maps discovered:
D:1:      erik_arrival_triangle_small, layout_basic
D:2:      layout_basic

Skill      XL: |  1  2  3 |
---------------+----------+-----
Ranged Weapons | 6 7 |  7.3
Fighting       | |  1.5
Dodging        | |  2.4
Stealth        | |  1.2

Action                     || total
---------------------------++-------
   Fire: Shortbow          ||    89
    Use: Scroll            ||     3
         Potion            ||     1
 Armour: Leather armour    ||    10
         Ring mail         ||    11
  Dodge: Dodged            ||    44

Table legend:
 A = Non-vault XP
 B = Vault XP
 C = Vault XP percentage of total XP
 D = Non-vault monster count
 E = Vault monster count
 F = Vault count percentage of total count
                 A         B        C        D         E       F
            +---------+---------+-------+---------+---------+-------
      Total |      90 |       0 |   0.0 |      29 |       0 |   0.0
            +---------+---------+-------+---------+---------+-------
        D:1 |      36 |       0 |   0.0 |      20 |       0 |   0.0
        D:2 |      54 |       0 |   0.0 |       9 |       0 |   0.0
            +---------+---------+-------+---------+---------+-------
